 Dungeon Crawl Stone Soup version 0.21-a0-521-g1cd18d1 (webtiles) character file.

814 slep the Chopper (level 7, 0/55 HPs)
             Began as a Demonspawn Monk on Dec 6, 2017.
             Slain by Menkaure (11 damage)
             ... on level 4 of the Dungeon.
             The game lasted 00:11:36 (2935 turns).

slep the Chopper (Demonspawn Monk)                  Turns: 2935, Time: 00:11:36

Health: 0/55       AC:  9    Str: 10 (13) XL:     7   Next: 62%
Magic:  0/7        EV: 10    Int:  9 (11) God:
Gold:   221        SH:  0    Dex: 13 (16) Spells: 6/6 levels left

rFire    . . .     SeeInvis .   a - +0 hand axe
rCold    . . .     Gourm    .   (no shield)
rNeg     . . .     Faith    .   y - +0 scale mail (curse)
rPois    .         Spirit   +   (no helmet)
rElec    .         Reflect  .   (no cloak)
rCorr    .         Harm     .   q - +0 pair of gloves
MR       .....                  d - +1 pair of boots
Stlth    +.........             (no amulet)
HPRegen  0.18/turn              (no ring)
MPRegen  0.10/turn              (no ring)

@: no status effects
A: spiny 2, magic shield
a: no special abilities


You were on level 4 of the Dungeon.
You were not hungry.

You visited 2 branches of the dungeon, and saw 5 of its levels.

You collected 221 gold pieces.

Inventory:

Hand Weapons
 a - a +0 hand axe (weapon)
Missiles
 u - 6 curare-tipped needles
Armour
 b - a +0 robe
 d - a +1 pair of boots (worn)
 q - a +0 pair of gloves (worn)
 y - a cursed +0 scale mail (worn)
Wands
 s - a wand of paralysis (8)
Scrolls
 e - a scroll of random uselessness {unknown}
 f - 5 scrolls of identify {unknown}
 i - 7 scrolls of blinking {unknown}
 l - 2 scrolls of fear {unknown}
 n - 4 scrolls of remove curse {unknown}
 p - a scroll of fog {unknown}
 r - a scroll of enchant armour {unknown}
 t - a scroll of teleportation {unknown}
 v - a scroll of immolation {unknown}
Potions
 h - a potion of degeneration
 x - a potion of brilliance {unknown}
Comestibles
 c - 3 bread rations
 k - 3 fruits
 o - a royal jelly
 w - 2 meat rations
 z - 4 chunks of flesh


   Skills:
 + Level 4.5 Fighting
 + Level 5.6 Axes
 + Level 1.3 Armour
 + Level 4.1 Dodging
 + Level 4.4 Stealth


You had 6 spell levels left.
You didn't know any spells.

Dungeon Overview and Level Annotations

Branches:
Dungeon (4/15)             Temple (1/1) D:4

Altars:
Ashenzari
Dithmenos
Elyvilon
Fedhas
Gozag
Hepliaklqana
Kikubaaqudgha
Makhleb
Nemelex Xobeh
Ru
Sif Muna
Trog
Uskayaw
Wu Jian
Xom
The Shining One

Annotations:
D:4 Menkaure


Innate Abilities, Weirdness & Mutations

You are mostly covered in sharp spines.
When hurt, damage is shared between your health and your magic reserves.


Message History

You hit Menkaure but do no damage. The orc priest misses you.
Menkaure calls on the powers of darkness!
The orc priest convulses!
Your body is wracked with pain!
* * * LOW HITPOINT WARNING * * *
The orc convulses!
You hit the orc priest.
The orc priest is severely wounded.
You hit Menkaure. Menkaure barely misses you.
The orc priest hits you but does no damage.
You barely miss the orc priest.
The orc priest is severely wounded.
You hit Menkaure. Menkaure hits you but does no damage.
The orc priest hits you but does no damage.
Menkaure hits you.
* * * LOW HITPOINT WARNING * * *
You hit the orc priest.
The orc priest is almost dead.
You hit Menkaure but do no damage. The orc priest completely misses you.
Menkaure is struck by your spines. Menkaure hits you!
You die...

##.##.....# ###.####
##..######## #...#. #....###
#.....
######.##...###########.#...
##......####.................
#........##############..##..
#..........# ###....###..
#..>.......########...###.....
#........).##@......#......###
#..........#oM..........#.## #
#.........o.)#............# #
##........####...........## #
#........# #...........# #
......... ##########..# #.
.....M...# #..# #. ...o.....#
#... .. >........# ....


You could see Menkaure, an orc priest and an orc.

Vanquished Creatures
  Pikel (D:4)
  3 slaves
  A howler monkey (D:4)
  2 hounds
  An orc priest (D:4)
  An orc wizard (D:3)
  Jessica (D:3)
  2 worker ants (D:4)
  Natasha (D:4)
  5 adders
  3 dart slugs
  A worm (D:4)
  4 leopard geckos
  7 orcs
  13 bats
  A bat zombie (D:1)
  3 giant cockroaches
  6 goblins
  4 hobgoblins
  3 jackals (D:1)
  2 quokkas
  A ball python (D:2)
  4 frilled lizards
  A giant cockroach zombie (D:1)
  6 kobolds
  5 rats
82 creatures vanquished.

Notes
Turn   | Place    | Note
-------+----------+-------------------------------------------
     0 | D:1      | slep the Demonspawn Monk began the quest for the Orb.
     0 | D:1      | Reached XP level 1. HP: 18/18 MP: 1/1
   136 | D:1      | Reached skill level 3 in Axes
   137 | D:1      | Gained mutation: You are partially covered in sharp spines. [demonic ancestry]
   137 | D:1      | Reached XP level 2. HP: 15/24 MP: 2/2
   684 | D:2      | Gained mutation: You are mostly covered in sharp spines. [demonic ancestry]
   684 | D:2      | Reached XP level 3. HP: 14/29 MP: 3/3
  1098 | D:2      | Reached XP level 4. HP: 28/36 MP: 4/4
  1454 | D:3      | Noticed Jessica
  1462 | D:3      | Killed Jessica
  1567 | D:3      | Gained mutation: When hurt, damage is shared between your health and your magic reserves. [demonic ancestry]
  1567 | D:3      | Reached XP level 5. HP: 41/42 MP: 5/5
  1658 | D:3      | Reached skill level 4 in Axes
  2264 | D:4      | Reached XP level 6. HP: 38/48 MP: 4/6
  2376 | D:4      | Found a staircase to the Ecumenical Temple.
  2385 | Temple   | Entered the Ecumenical Temple
  2545 | D:4      | Noticed Natasha
  2552 | D:4      | Noticed Pikel
  2552 | D:4      | Killed Natasha
  2553 | D:4      | Noticed a slave
  2553 | D:4      | Noticed a slave
  2553 | D:4      | Noticed a slave
  2653 | D:3      | Killed a slave
  2655 | D:3      | Killed a slave
  2778 | D:4      | Noticed a slave
  2783 | D:4      | Killed a slave
  2805 | D:4      | Killed Pikel
  2805 | D:4      | Reached skill level 5 in Axes
  2805 | D:4      | Reached skill level 1 in Armour
  2805 | D:4      | Reached XP level 7. HP: 29/55 MP: 7/7
  2914 | D:4      | Noticed Menkaure
  2935 | D:4      | Slain by Menkaure

Vault maps used:
D:1:      saegor_arrival_fortress
D:3:      uniq_jessica
D:4:      vehumet_crystals, minmay_temple_entry_statues_fountains, serial_shops,
          shop, first_bread, uniq_menkaure, uniq_natasha, uniq_pikel
Temple:   eino_temple_rhombus

Skill      XL: |  1  2  3  4  5  6 |
---------------+-------------------+-----
Axes           | 3 4 5 |  5.6
Dodging        | 3 4 |  4.1
Stealth        | 2 3 4 |  4.4
Fighting       | 4 |  4.5
Armour         | 1 |  1.3

Action                   |  1- 3 |  4- 6 |  7- 9 || total
-------------------------+-------+-------+-------++-------
Melee: Hand axe          |    86 |   117 |    16 ||   219
  Use: Potion            |       |       |     4 ||     4
 Stab: Sleeping          |     5 |     9 |       ||    14
  Eat: Chunk             |     1 |     4 |     2 ||     7
Armor: Robe              |    25 |    16 |       ||    41
       Scale mail        |       |    24 |     6 ||    30
Dodge: Dodged            |    72 |    67 |     5 ||   144

Table legend:
 A = Spawn XP
 B = Non-spawn XP
 C = Spawn XP percentage of total XP
 D = Spawn monster count
 E = Non-spawn monster count
 F = Spawn count percentage of total count
 G = Total turns spent on level
                    A         B        C        D         E        F      G
               +---------+---------+-------+---------+---------+-------+---------
         Total |       0 |    1163 |   0.0 |       0 |      79 |   0.0 |  2935
               +---------+---------+-------+---------+---------+-------+---------
           D:1 |       0 |      32 |   0.0 |       0 |      18 |   0.0 |   610
           D:2 |       0 |      91 |   0.0 |       0 |      26 |   0.0 |   831
           D:3 |       0 |     165 |   0.0 |       0 |      22 |   0.0 |  1002
           D:4 |       0 |     875 |   0.0 |       0 |      13 |   0.0 |   368
               +---------+---------+-------+---------+---------+-------+---------
